 Dungeon Crawl Stone Soup version 0.27-a0-1140-g099f9bb0e8 (webtiles) character file.

Game seed: 7801980753456101735

40 Anon1729 the Chopper (level 3, -3/43 HPs)
             Began as a Demonspawn Berserker on May 8, 2021.
             Was a Follower of Trog.
             Slain by a gnoll sergeant
             ... wielding a +0 spear
              (6 damage)
             ... on level 3 of the Dungeon.
             The game lasted 00:00:37 (528 turns).

Anon1729 the Chopper (Demonspawn Berserker)          Turns: 528, Time: 00:00:38

Health: -3/43      AC:  2    Str: 18    XL:     3   Next: 30%
Magic:  3/3        EV: 12    Int:  8    God:    Trog [*.....]
Gold:   14         SH:  0    Dex: 12    Spells: 2/2 levels left

rFire    . . .     SeeInvis .   a - +0 hand axe
rCold    . . .     Faith    .   (no shield)
rNeg     . . .     Spirit   .   b - +0 animal skin
rPois    .         Reflect  .   (no helmet)
rElec    .         Harm     .   (no cloak)
rCorr    .         Rampage  .   (no gloves)
Will     .....                  (no boots)
Stlth    ..........             (no amulet)
HPRegen  0.14/turn              (no ring)
MPRegen  0.08/turn              (no ring)

@: berserking (expiring), very quick
A: hooves 1, demonic magic 1
a: Renounce Religion, Berserk


You were on level 3 of the Dungeon.
You worshipped Trog.
Trog was aware of your devotion.
You visited 1 branch of the dungeon, and saw 3 of its levels.

You collected 14 gold pieces.

Inventory:

Hand Weapons
 a - a +0 hand axe (weapon)
Armour
 b - a +0 animal skin (worn)
Scrolls
 d - 2 scrolls of enchant armour {unknown}
Potions
 c - a potion of lignification {unknown}


   Skills:
 - Level 3.0 Fighting
 + Level 4.0 Axes
 - Level 1.7 Armour
 - Level 1.7 Dodging


You had 2 spell levels left.
You didn't know any spells.
Your spell library was empty.

Dungeon Overview and Level Annotations

Branches:
Dungeon (3/15)

Altars:

Annotations:
D:3 3 runed translucent doors


Innate Abilities, Weirdness & Mutations

You have large cloven feet.
Spells you cast may paralyse adjacent enemies.


Message History

You barely miss the gnoll. You hit the hobgoblin. You barely miss the gnoll.
You hit the ball python.
You kill the ball python!
Trog accepts your kill. The gnoll hits you with a +0 whip.
The gnoll sergeant hits you with a +0 spear.
The gnoll hits you with a +0 club.
You hit the gnoll sergeant.
The gnoll sergeant is lightly wounded.
You barely miss the gnoll. x2; You hit the hobgoblin.
You kill the hobgoblin!
Trog accepts your kill.
You hit the gnoll but do no damage. The gnoll hits you with a +0 whip.
* * * LOW HITPOINT WARNING * * *
The gnoll hits you but does no damage.
You hit the gnoll.
The gnoll is lightly wounded.
You hit the gnoll. x2; You hit the gnoll sergeant.
The gnoll barely misses you.
You slash the gnoll!
You kill the gnoll!
Trog accepts your kill.
You hit the gnoll sergeant. You slash the gnoll!
You kill the gnoll!
Trog accepts your kill.
You slash the gnoll! The gnoll hits you with a +0 club.
* * * LOW HITPOINT WARNING * * *
Your Axes skill increases to level 4!
You have reached level 3!
Your experience leads to an increase in your attributes!
Increase (S)trength, (I)ntelligence, or (D)exterity?
You feel stronger.
Your demonic ancestry asserts itself...
Your feet thicken and deform.
You barely miss the gnoll sergeant.
The gnoll sergeant is moderately wounded.
You hit the gnoll.
You kill the gnoll!
Trog accepts your kill.
You hit the gnoll.
The gnoll sergeant hits you with a +0 spear.
You die...

.......# .. ..
#.....# ... ...
#.....# ...
.... #.....# ..
....##.....#.#
.....#....<..#
..........##.#
#......)...# #
#.?...g@)..#
#...#.)g.#.#
+......S.....
+......#.##...
+......... ...#
#......#.#.#.##
#...##..... .#
#... .. .. .


You could see a gnoll sergeant, a gnoll and an adder.

Vanquished Creatures
  3 gnolls (D:3)
  A ball python (D:3)
  An endoplasm (D:1)
  2 goblins (D:1)
  3 hobgoblins
  6 jackals (D:1)
  A quokka (D:1)
  2 kobolds (D:1)
19 creatures vanquished.

Notes
Turn   | Place    | Note
-------+----------+-------------------------------------------
     0 | D:1      | Anon1729 the Demonspawn Berserker began the quest for the
                  | Orb.
     0 | D:1      | Reached XP level 1. HP: 18/18 MP: 1/1
    22 | D:1      | Reached skill level 3 in Axes
   134 | D:1      | Gained mutation: Spells you cast may paralyse adjacent
                  | enemies. [demonic ancestry]
   134 | D:1      | Reached XP level 2. HP: 24/24 MP: 2/2
   519 | D:3      | Noticed a gnoll sergeant
   523 | D:3      | Found a runed translucent gate.
   523 | D:3      | Found a runed translucent gate.
   523 | D:3      | Found a runed translucent gate.
   528 | D:3      | Reached skill level 4 in Axes
   528 | D:3      | Gained mutation: You have large cloven feet. [demonic
                  | ancestry]
   528 | D:3      | Reached XP level 3. HP: 3/29 MP: 3/3
   528 | D:3      | Slain by a gnoll sergeant

Illustrated notes

Levels and vault maps discovered:
D:1:      onia_arrival_mini_spirals, layout_basic
D:2:      layout_loops_corners, basic_altar, due_unseen_surprise
D:3:      layout_basic, gammafunk_ghost_icy,
          shapermc_ecumenical_altar_starsandcircs, uniq_crazy_yiuf_cottage

Skill      XL: |  1  2 |
---------------+-------+-----
Axes           | 3 4 |  4.0
Fighting       | |  3.0
Armour         | |  1.7
Dodging        | |  1.7

Action                   || total
-------------------------++-------
Melee: Hand axe          ||    38
Invok: Berserk           ||     2
Armor: Animal skin       ||     9
Dodge: Dodged            ||    30

Table legend: (Time is in decaauts)
 A = Elapsed time spent in this place.
 B = Non-inter-level travel time spent in this place.
 C = Inter-level travel time spent in this place.
 D = Time resting spent in this place.
 E = Time spent auto-exploring this place.
 F = Levels seen in this place.
 G = Mean time per level.
                   A        B        C        D        E       F      G
               +--------+--------+--------+--------+--------+-----+--------+
         Total |    540 |    540 |      0 |     49 |    408 |   3 |  180.0 |
       Dungeon |    540 |    540 |      0 |     49 |    408 |   3 |  180.0 |
               +--------+--------+--------+--------+--------+-----+--------+

Top non-repeatable levels by time:
     D:1: 529 daAuts
     D:3: 7 daAuts
     D:2: 3 daAuts
